Workbook

Sheet CONSOLIDADO
A1: FONDO NACIONAL DEL AHORRO
A3: CONSOLIDADO VERIFICACIÓN TECNICA
A5: OBJETO PROCESO | C5: “PRESTACIÓN DE SERVICIOS DE UN CONTACT CENTER ESPECIALIZADO, PARA LA ATENCIÓN DE USUARIOS, AFILIADOS SERVICIOS DE SEGUIMIENTO COMERCIAL, ASISTENCIA PROCEDIMENTAL, ASÍ COMO LAS DEMÁS ACTIVIDADES RELACIONADAS CON LOS PRODUCTOS Y SERVICIOS OFRECIDOS POR EL FONDO NACIONAL DEL AHORRO A NIVEL NACIONAL E INTERNACIONAL”
A6: NUMERO DE PROCESO | C6: FNA-SG-CP-032-2020
A8: N° | B8: PROPONENTE | C8: RESULTADO | D8: OBSERVACIONES TECNICAS
A9: 1 | B9: UT GESTION BPO | C9: HABILITADO | D9: VER EVALUACIÓN.
A10: 2 | B10: KONECTA | C10: HABILITADO | D10: VER EVALUACIÓN.
A11: 3 | B11: MILLENIUM BPO | C11: HABILITADO | D11: VER EVALUACIÓN.
A13: TODOS LOS OFERENTES DEBERÁN REMITIRSE A LA PESTAÑA DE EVALUACIÓN INDIVIDUAL CON EL NOMBRE DE CADA UNO DE LOS PROPONENTES Y VALIDAR EL RESULTADO.
A15: ORIGINAL FIRMADO
A18: Elaboró: EDWARD DAVID PUENTES COLMENARES Profesional Master Nivel 2 Grupo Contratación Fondo Nacional del Ahorro

Sheet REVISIÓN
B1: FONDO NACIONAL DEL AHORRO
B2: ÁREA DE CONTRATACIÓN
B3: EVALUACIÓN TÉCNICA
B4: =+CONSOLIDADO!C5 -> “PRESTACIÓN DE SERVICIOS DE UN CONTACT CENTER ESPECIALIZADO, PARA LA ATENCIÓN DE USUARIOS, AFILIADOS SERVICIOS DE SEGUIMIENTO COMERCIAL, ASISTENCIA PROCEDIMENTAL, ASÍ COMO LAS DEMÁS ACTIVIDADES RELACIONADAS CON LOS PRODUCTOS Y SERVICIOS OFRECIDOS POR EL FONDO NACIONAL DEL AHORRO A NIVEL NACIONAL E INTERNACIONAL”
A5: FONDO NACIONAL DEL AHORRO
A6: =+CONSOLIDADO!C6 -> FNA-SG-CP-032-2020 | D6: PROPONENTE No. 1 | H6: PROPONENTE No. 2 | L6: PROPONENTE No. 3
A7: VERIFICACIÓN REQUISITOS HABILITANTES | D7: =+CONSOLIDADO!B9 -> UT GESTION BPO | H7: =+CONSOLIDADO!B10 -> KONECTA | L7: =+CONSOLIDADO!B11 -> MILLENIUM BPO
D8: AMÉRICAS BPS 80% CARVAJAL TECNOLOGÍA Y SERVICIOS SAS 20%
A9: Numeral Reglas de Participación | B9: SECCIÓN | C9: DESCRIPCION | D9: FOLIOS | E9: CUMPLE | G9: OBSERVACIONES Y/O RESULTADO | H9: FOLIOS | I9: CUMPLE | K9: OBSERVACIONES Y/O RESULTADO | L9: FOLIOS | M9: CUMPLE | O9: OBSERVACIONES Y/O RESULTADO
E10: SI | F10: NO | I10: SI | J10: NO | M10: SI | N10: NO
A11: 4.1.2.1. | B11: REQUERIMIENTO MÍNIMOS OBLIGATORIOS | C11: El proponente deberá manifestar mediante la suscripción por el Representante Legal del formato No. 13, que entiende, acepta y cumple con las especificaciones y requerimientos mínimos de los bienes y servicios obligatorios exigidos en el Anexo 1. y que han sido dados a conocer desde el estudio de mercado, sin perjuicio de que en la ejecución del contrato se acuerden entre las partes Acuerdos de Niveles de Servicio adicionales a los establecidos en el proceso de selección. | D11: Anexo "FORMATO 13 MANIFESTACIÓN DE ACEPTACIÓN DE ANEXOS._.pdf" | E11: X | G11: Se evidencia Formato No. 13 debidamente suscrito. | H11: Anexo "Formato No. 13 - Aceptación de anexos" | I11: X | K11: Se evidencia Formato No. 13 debidamente suscrito. | L11: Anexo "4.1.2.1 FORMATO No. 13 MANIFESTACION DE ACEPTACION ANEXOS" | M11: X | O11: Se evidencia Formato No. 13 debidamente suscrito.
A12: 4.1.2.2. | B12: CERTIFICACIÓN NTC ISO 27001:2013 | C12: Los proponentes deberán aportar la acreditación o certificación de cumplimiento del estándar NTC ISO 27001:2013 expedido por el ente o firma certificadora la cual debe estar vigente a la fecha de presentación de la propuesta. Nota: No obstante, el adjudicatario del contrato deberá mantener la certificación actualizada y vigente durante todo el periodo de ejecución del contrato y sus adicciones y prórrogas si hay lugar a ellas. | D12: Anexo "CERTIFICADO CARVAJAL TECNOLOGÍA Y SERVICIOS S.A.S- ISO 27001 2013.pdf" | E12: X | G12: Se evidencia Certificado (CO17/7508.03) emitido por SGS con vigencia hasta el 1 de marzo de 2023 en el que se manifiesta que CARVAJAL TECNOLOGÍA Y SERVICIOS S.A.S. Ha sido evaluado y certificado en cuanto al cumplimiento de los requisitos de ISO/IEC 27001:2013. Se evidencia Certificado (CO12/5031) emitido por SGS con vigencia hasta el 12 de diciembre de 2021 en el que se manifiesta que AMERICAS BUSINESS PROCESS SERVICES SA Ha sido evaluado y certificado en cuanto al cumplimiento de los requisitos de ISO/IEC 27001:2013. | H12: Anexo "Certificado ISO 27001" | I12: X | K12: Se evidencia Certificado emitido por ICONTEC con vigencia hasta el 26 de septiembre de 2022 en el que se manifiesta que MULTIENLACE SAS Ha sido auditado y aprobado con respecto a los requisitos especificados en ISO 27001:2013. | L12: Anexo "4.1.2.2. CERTIFICACION NTC ISO 27001" | M12: X | O12: Se evidencia Certificado emitido por ICONTEC con vigencia hasta el 27 de marzo de 2021 en el que se manifiesta que MILLENIUM BPO SA Ha sido auditado y aprobado con respecto a los requisitos especificados en ISO 27001:2013.
A13: 4.1.2.3. | B13: EXPERIENCIA ESPECIFICA | C13: Teniendo en cuenta el objeto, el monto del contrato y lo consultado con el mercado, se considera que la experiencia especifica del oferente debe ser en: 1. Prestación de servicios de un Contact Center, que incluya como mínimo los siguientes canales: • INBOUND • OUTBOUND • WHATSAPP • CHAT • SMS • MAILING La experiencia descrita anteriormente debe soportarse con la ejecución de MAXIMO CINCO (5) contratos suscritos con entidades del sector financiero ejecutados y/o terminados y/o en Ejecución. Las certificaciones de contratos en ejecución deberá contener la antigüedad del contrato y el valor ejecutado a la fecha de corte. De estos contratos solo se tendrá en cuenta la experiencia adquirida hasta el 30 de junio de 2020. Nota: Los canales INBOUND y OUTBOUND serán obligatorios en todas las certificaciones aportadas. Para los demás canales, WHATSAPP, CHAT, SMS y MAILING se pueden acreditar en contratos diferentes. En todo caso deberán ser acreditados todos los canales. | D13: Anexo "Experiencia Especifica y Acreditacion" | E13: X | G13: Ver evaluación | H13: Anexo "Acreditación experiencia - Formato No. 6 - Experiencia del oferente" | I13: X | K13: Ver evaluación | L13: Anexo "CERTIFICACION FONDO NACIONAL DEL AHORRO PDF" Anexo"CONTRATO Y OTROSI FNA 197 DE 2008" Anexo "CERTIFICACION CONTRATOS BANCO AGRARARIO DE COLOMBIA EJECUTADOS Y EJECUCION" | M13: X | O13: Ver evaluación
C14: La sumatoria de los contratos aportados deberá ser igual o superior a una vez el PRESUPUESTO OFICIAL ESTIMADO – POE, expresado en SMMLV. | D14: Anexo "Experiencia Especifica y Acreditacion" | E14: X | G14: Se verifica cumpimiento. | H14: Anexo "Acreditación experiencia - Formato No. 6 - Experiencia del oferente" | I14: X | K14: Se verifica cumpimiento. | L14: Anexo "CERTIFICACION FONDO NACIONAL DEL AHORRO PDF" Anexo"CONTRATO Y OTROSI FNA 197 DE 2008" Anexo "CERTIFICACION CONTRATOS BANCO AGRARARIO DE COLOMBIA EJECUTADOS Y EJECUCION" | M14: X | O14: Se verifica cumpimiento.
A15: 4.1.2.4. | B15: Acreditación Experiencia Especifica del Oferente (aplica para requisitos habilitantes) | C15: Los contratos con los que pretendan acreditar la experiencia específica deben cumplir o tener en cuenta lo siguiente: 1. Los contratos ejecutados con los cuales se pretenda acreditar la experiencia del proponente deberán estar inscritos en el RUP. El proponente deberá indicar, en su propuesta, el consecutivo a que corresponde el contrato aportado. | D15: Anexo "Experiencia Especifica y Acreditacion" | E15: X | G15: Se verifica cumpimiento. | H15: Anexo "Acreditación experiencia - Formato No. 6 - Experiencia del oferente" Anexo "RUP " | I15: X | K15: Se verifica cumpimiento. | L15: Anexo "RUP OCTUBRE 29 (2)_1" | M15: X | O15: Se verifica cumpimiento.
C18: RESULTADO FINAL | D18: CUMPLE | H18: CUMPLE | L18: CUMPLE

Sheet UT
B1: FONDO NACIONAL DEL AHORO
B3: ÁREA DE CONTRATACIÓN
B5: =+CONSOLIDADO!C6 -> FNA-SG-CP-032-2020
B7: =+CONSOLIDADO!C5 -> “PRESTACIÓN DE SERVICIOS DE UN CONTACT CENTER ESPECIALIZADO, PARA LA ATENCIÓN DE USUARIOS, AFILIADOS SERVICIOS DE SEGUIMIENTO COMERCIAL, ASISTENCIA PROCEDIMENTAL, ASÍ COMO LAS DEMÁS ACTIVIDADES RELACIONADAS CON LOS PRODUCTOS Y SERVICIOS OFRECIDOS POR EL FONDO NACIONAL DEL AHORRO A NIVEL NACIONAL E INTERNACIONAL”
B10: No. | C10: Contratista | D10: Porcentaje de participación (Cuando la experiencia acreditada haya sido realizada en consorcio o unión temporal) | E10: Entidad contratante o propietaria | F10: Localización | G10: Codigos UNSPSC | H10: Consecutivo RUP | I10: Objeto | J10: Valor del Contrato ejecutado a la terminación ($) | K10: Valor del Contrato ejecutado a la terminación (SMMLV) | L10: Fecha de Iniciación (mm/aaaa) | M10: Fecha de Terminación (mm/aaaa) | N10: CUMPLE SI/NO | O10: OBSERVACIONES
B11: 1 | C11: Américas BPS | D11: 1 | E11: Banco Av Villas | F11: BOGOTÁ | G11: 43223200 43221500 43222600 43222800 32222900 43223100 83111500 81161700 | H11: 22 | I11: Prestación del servicio de centro de contacto en los términos que se detallan en el Anexo No. 1 de la oferta presentada para los servicios de Telemarketing, Televentas, Cobranzas y Servicio al Cliente. Los servicios prestados incluyeron las siguientes gestiones: •Inbound •Outbound •IVR •Gestión de PQR Para la gestión de los siguientes servicios: •Servicio al cliente •Ventas •Retenciones •Cobranzas | J11: 30527190542 | K11: =+J11/J23 -> 44277.278 | L11: Junio 1 de 2010 | M11: Abril 30 de 2016 | N11: CUMPLE | O11: • Se verifica INBOUND • Se verifica OUTBOUND • No se evidencia WHATSAPP • No se evidencia CHAT • No se evidencia SMS • Nno se evidencia MAILING | Q11: Teniendo en cuenta el objeto, el monto del contrato y lo consultado con el mercado, se considera que la experiencia especifica del oferente debe ser en: 1. Prestación de servicios de un Contact Center, que incluya como mínimo los siguientes canales: • INBOUND • OUTBOUND • WHATSAPP • CHAT • SMS • MAILING La experiencia descrita anteriormente debe soportarse con la ejecución de MAXIMO CINCO (5) contratos suscritos con entidades del sector financiero ejecutados y/o terminados y/o en Ejecución. Las certificaciones de contratos en ejecución deberá contener la antigüedad del contrato y el valor ejecutado a la fecha de corte. De estos contratos solo se tendrá en cuenta la experiencia adquirida hasta el 30 de junio de 2020.
B12: 2 | C12: Américas BPS | D12: 1 | E12: FONDO NACONAL DEL AHORRO | F12: NACIONAL | G12: 43223200 43221500 43222600 43222800 43223100 83111500 81161700 | H12: 23 | I12: Prestación de servicios de un contact center especializado, en esquema outsourcing (externo) para la atención de usuarios, afiliados y clientes potenciales del Fondo Nacional del Ahorro a nivel nacional e internacional. El servicio incluyó interacciones por Chat, WhatsApp o los diferentes medios de comunicación en línea con los que cuenta la entidad, recepción de llamadas entre otros para atender e informar acerca del estado de los diferentes trámites, escalamiento de casos, novedades o cualquier requerimiento del usuario entregando un acompañamiento integral por los diferentes canales y medios virtuales | J12: 7661567146 | K12: =+J12/J21 -> 9806.9064 | L12: Julio 5 de 2017 | M12: Agosto 2 de 2018 | N12: CUMPLE | O12: • Sse verifica INBOUND (revisar con el área) • Se verifica CallBack OUTBOUND • Se verifica WHATSAPP • Se verifica CHAT • SMS • MAILING
B13: 3 | C13: Américas BPS | D13: 1 | E13: INSTITUTO COLOMBIANO DE CRÉDITO EDUCATIVO Y ESTUDIOS TÉCNICOS EN EL EXTERIOR "MARIANO OSPINA PÉREZ" — ICETEX | F13: BOGOTÁ | G13: 43221500 43222600 43222800 43223100 83111500 81161700 | H13: 24 | I13: Adquisición de servicios de centro de contacto a través del Acuerdo Marco de precios CCE- 150-1- AMP- 2014, de Colombia compra eficiente para la prestación de los servicios de cobranza para las obligaciones que estén en cobro pre jurídico, esta gestión se realizara para las diferentes líneas de crédito ofrecidas por el ICETEX y Fondos en Administración", y en las condiciones pactadas en la orden de compra número 7310. | J13: 3899415671 | K13: =+J13/J22 -> 5285.788 | L13: Abril 4 de 2016 | M13: Enero 31 de 2017 | N13: CUMPLE | O13: • Se verifica INBOUND • Se verifica OUTBOUND • WHATSAPP • CHAT • Se verifica SMS • Se verifica MAILING
B14: 4 | C14: Américas BPS | D14: 1 | E14: POSITIVA COMPAÑÍA DE SEGUROS S.A. | F14: NACIONAL | G14: 43223200 43221500 43222600 43222800 43223100 83111500 81161700 | H14: 25 | I14: Garantizar los servicios de Contact Center de acuerdo a las políticas, normas y características definidas por POSITIVA COMPAÑÍA DE SEGUROS S.A., para ofrecer un soporte integral de información de la compañía, a los afiliados a Riesgos laborales, diferentes ramos de pólizas de vida, accidentes personales, planes de salud, rentas vitalicias, conmutaciones pensionales, a los otros ramos que sean autorizados a la compañía y a los ciudadanos en general; con el objetivo permanente de brindar una información completa y satisfactoria en primer contacto a cada una de las solicitudes, agregando valor a los asegurados, ciudadanos. | J14: 3069814500 | K14: =+J14/J22 -> 4161.2359 | L14: Abril 21 de 2016 | M14: Abril 30 de 2017 | N14: CUMPLE | O14: • Se verifica INBOUND • Se verifica OUTBOUND • WHATSAPP • CHAT • Se verifica SMS • Se verifica MAILING
B15: 5 | C15: Américas BPS | D15: 1 | E15: POSITIVA COMPAÑÍA DE SEGUROS S.A. | F15: NACIONAL | G15: 43223200 43221500 43222600 43222800 43223100 83111500 81161700 | H15: 26 | I15: Prestar los servicios de Contact Center de acuerdo a las políticas, normas y características definidas por POSITIVA COMPAÑÍA DE SEGUROS S.A., para ofrecer un soporte integral de información de la compañía, a los afiliados a Riesgos laborales, diferentes ramos de pólizas de vida, accidentes personales, planes de salud, rentas vitalicias. conmutaciones pensionales, a los otros ramos que sean autorizados a la compañía y a los ciudadanos en general; con el objetivo permanente de brindar una información completa y satisfactoria en el primer contacto a cada una de las solicitudes, agregando valor a los asegurados, ciudadanos y a la Compañía. 541-2017 | J15: 4859140838 | K15: =+J15/J20 -> 5867.7055 | L15: Enero 1 de 2018 | M15: Junio 30 de 2019 | N15: CUMPLE | O15: • Se verifica INBOUND • Se verifica OUTBOUND • WHATSAPP • Se verifica CHAT • Se verifica SMS • Se verifica MAILING
I17: POE | J17: 17789701800
I18: SMMLV 2020 | J18: 877803
I19: POE EN SMMLV | J19: =J17/J18 -> 20266.167
I20: SMMLV 2019 | J20: 828116
I21: SMMLV 2018 | J21: 781242
I22: SMMLV 2017 | J22: 737717
I23: SMMLV 2016 | J23: 689455
I24: SMMLV 2015 | J24: 644350
I25: SMMLV 2014 | J25: 616000
I26: SMMLV 2013 | J26: 589500
I27: SMMLV 2012 | J27: 566700
I28: SMMLV 2011 | J28: 535600
I29: SMMLV 2010 | J29: 515000
I30: SMMLV 2009 | J30: 496900
I31: SMMLV 2008 | J31: 461500
... I34: SMMLV 2005 | J34: 381500
I35: EXPERIENCIA EN SMMLV DEL OFERENTE | J35: =+K11+K12+K13+K15+K14 -> 69398.914 | K35: =+IF(J35>J19,"CUMPLE","NO CUMPLE") -> CUMPLE
I36: RESULTADO EVALUACIÓN | J36: CUMPLE

Sheet KONECTA
B1: FONDO NACIONAL DEL AHORO
B3: ÁREA DE CONTRATACIÓN
B5: =+CONSOLIDADO!C6 -> FNA-SG-CP-032-2020
B7: =+CONSOLIDADO!C5 -> “PRESTACIÓN DE SERVICIOS DE UN CONTACT CENTER ESPECIALIZADO, PARA LA ATENCIÓN DE USUARIOS, AFILIADOS SERVICIOS DE SEGUIMIENTO COMERCIAL, ASISTENCIA PROCEDIMENTAL, ASÍ COMO LAS DEMÁS ACTIVIDADES RELACIONADAS CON LOS PRODUCTOS Y SERVICIOS OFRECIDOS POR EL FONDO NACIONAL DEL AHORRO A NIVEL NACIONAL E INTERNACIONAL”
B10: No. | C10: Contratista | D10: Porcentaje de participación (Cuando la experiencia acreditada haya sido realizada en consorcio o unión temporal) | E10: Entidad contratante o propietaria | F10: Localización | G10: Codigos UNSPSC | H10: Consecutivo RUP | I10: Objeto | J10: Valor del Contrato ejecutado a la terminación ($) | K10: Valor del Contrato ejecutado a la terminación (SMMLV) | L10: Fecha de Iniciación (mm/aaaa) | M10: Fecha de Terminación (mm/aaaa) | N10: CUMPLE SI/NO | O10: OBSERVACIONES
B11: 1 | C11: MULTIENLACE SAS | D11: 1 | E11: BANCOLOMBIA SA | F11: NACIONAL | G11: 83111500 | H11: 1 | I11: SERVICIO DE CENTRO DE LLAMADAS (CONTACT CENTER), IVR (INTERACTIVE VOICE RESPONSE), ALQUILER DE INFRAESTRUCTURA, TELEMERCADEO, BACK-OFFICE, VENTA DE PRODUCTOS, SERVICIOS DE COBRANZAS Y CONCILIACIÓN CON CLIENTES Y DEMÁS ACTIVIDADES RELACIONADAS CON LOS ANTERIORES SERVICIOS. ALGUNOS DE LOS CANALES USADOS PARA LA EJECUCIÓN DE LAS ACTIVIDADES SON: INBOUND, OUTBOUND, WHATSAPP, CHAT, SMS, MAILING, REDES SOCIALES, ENTRE OTROS. | J11: 364364977877 | K11: =+J11/J23 -> 528482.61 | L11: Octubre 1 de 2013 | M11: Septiembre 30 de 2016 | N11: CUMPLE | O11: • Se evidencia INBOUND • Se evidencia OUTBOUND • Se evidencia WHATSAPP • Se evidencia CHAT • Se evidencia SMS • Se evidencia MAILING
B12: 2
B13: 3
B14: 4
B15: 5
I17: POE | J17: 17789701800
I18: SMMLV 2020 | J18: 877803
I19: POE EN SMMLV | J19: =J17/J18 -> 20266.167
I20: SMMLV 2019 | J20: 828116
I21: SMMLV 2018 | J21: 781242
I22: SMMLV 2017 | J22: 737717
I23: SMMLV 2016 | J23: 689455
I24: SMMLV 2015 | J24: 644350
I25: SMMLV 2014 | J25: 616000
I26: SMMLV 2013 | J26: 589500
I27: SMMLV 2012 | J27: 566700
I28: SMMLV 2011 | J28: 535600
I29: SMMLV 2010 | J29: 515000
I30: SMMLV 2009 | J30: 496900
I31: SMMLV 2008 | J31: 461500
... I34: SMMLV 2005 | J34: 381500
I35: EXPERIENCIA EN SMMLV DEL OFERENTE | J35: =+K11+K12+K13+K15+K14 -> 528482.61 | K35: =+IF(J35>J19,"CUMPLE","NO CUMPLE") -> CUMPLE
I36: RESULTADO EVALUACIÓN | J36: CUMPLE

Sheet MILLENIUM
B1: FONDO NACIONAL DEL AHORO
B3: ÁREA DE CONTRATACIÓN
B5: =+CONSOLIDADO!C6 -> FNA-SG-CP-032-2020
B7: =+CONSOLIDADO!C5 -> “PRESTACIÓN DE SERVICIOS DE UN CONTACT CENTER ESPECIALIZADO, PARA LA ATENCIÓN DE USUARIOS, AFILIADOS SERVICIOS DE SEGUIMIENTO COMERCIAL, ASISTENCIA PROCEDIMENTAL, ASÍ COMO LAS DEMÁS ACTIVIDADES RELACIONADAS CON LOS PRODUCTOS Y SERVICIOS OFRECIDOS POR EL FONDO NACIONAL DEL AHORRO A NIVEL NACIONAL E INTERNACIONAL”
B10: No. | C10: Contratista | D10: Porcentaje de participación (Cuando la experiencia acreditada haya sido realizada en consorcio o unión temporal) | E10: Entidad contratante o propietaria | F10: Localización | G10: Codigos UNSPSC | H10: Consecutivo RUP | I10: Objeto | J10: Valor del Contrato ejecutado a la terminación ($) | K10: Valor del Contrato ejecutado a la terminación (SMMLV) | L10: Fecha de Iniciación (mm/aaaa) | M10: Fecha de Terminación (mm/aaaa) | N10: CUMPLE SI/NO | O10: OBSERVACIONES
B11: 1 | C11: MILLENIUM BPO S.A. | D11: 1 | E11: BANCO AGRARIO | F11: BOGOTÁ | H11: N/A | I11: PRESTACION DE SERVICIO DE CONTACT CENTER. | J11: 6512152255 | K11: =+J11/J18 -> 7418.6945 | L11: Marzo 4 de 2018 | M11: Marzo 3 de 2021 | N11: CUMPLE | O11: Se evidencia certificación de valor ejecutado con corte a 30 de junio de 2020 • Se evidencia INBOUND • Se evidencia OUTBOUND • Se evidencia WHATSAPP • Se evidencia CHAT • Se evidencia SMS • No Se evidencia MAILING
B12: 2 | C12: MILLENIUM BPO S.A. | D12: 1 | E12: BANCO AGRARIO | G12: 43221500 83111500 81161700 | H12: 50 | I12: PRESTACION DE SERVICIOS DE CALL CENTER BAJO LA MODALIDAD DE OUTSORCING. | J12: 4738478878 | K12: =+J12/J24 -> 7353.8898 | L12: Diciembre 2 de 2012 | M12: Marzo 2 de 2015 | N12: CUMPLE | O12: • Se evidencia INBOUND • Se evidencia OUTBOUND • No Se evidencia WHATSAPP • Se evidencia CHAT • Se evidencia SMS • No Se evidencia MAILING | Q12: Teniendo en cuenta el objeto, el monto del contrato y lo consultado con el mercado, se considera que la experiencia especifica del oferente debe ser en: 1. Prestación de servicios de un Contact Center, que incluya como mínimo los siguientes canales: • INBOUND • OUTBOUND • WHATSAPP • CHAT • SMS • MAILING La experiencia descrita anteriormente debe soportarse con la ejecución de MAXIMO CINCO (5) contratos suscritos con entidades del sector financiero ejecutados y/o terminados y/o en Ejecución. Las certificaciones de contratos en ejecución deberá contener la antigüedad del contrato y el valor ejecutado a la fecha de corte. De estos contratos solo se tendrá en cuenta la experiencia adquirida hasta el 30 de junio de 2020.
B13: 3 | C13: MILLENIUM BPO S.A. | D13: 1 | E13: BANCO AGRARIO | G13: 43223200 43221500 43222600 43222800 43222900 43223100 83111500 81161700 83111600 | H13: 51 | I13: PRESTACION DEL SERVICIO DE CALL CENTER BAJO LA MODALIDA DE OUTSORCING, CON INSTALACIONES, EQUIPOS Y PERSONAL DEL CONTRATISTA PARA LA ATENCION DE LLAMADAS DE CLIENTES Y USUARIOS GENERADOS POR EL DESBORDE EL IVR DEL BANCO AGRARIO , CAMPAÑAS DE ENTRADA Y SALIDA , ASI COMO LA ELABORACION DE INFORMES, ESTADISTICOS Y PRONOSTICOS CORRESPONDIENTES DE CRECIMIENTO DE ACUERDO CON EL FLUJO DE OPERACION CUMPLIENDO CON LAS NORMAS Y PROCEDIMIENTOS ESTABLECIDOS POR EL BANCO AGRARIO Y LOS ENTES QUE REGULAN LA ACTIVIDAD BANCARIA. SE CONTO CON LOS SERVICIOS DE ATENCION DE LLAMADAS DE ENTRADA POR IVR Y AGENTE, GESTION DE LLAMADAS DE SALIDA, ATENCION DE CHAT, REGISTRO PQR, INFRAESTRUCTURA FISICA Y TECNOLOGICA, PERSONAL NECESARIO PARA LA PRESTACION DEL SERVIOCIO ,A GENTES AUDITORES, CAPACITADORES, JEFE DE OPERACION, SUPERVISORES. | J13: 2693316904 | K13: =+J13/J27 -> 4752.6326 | L13: Octubre 1 de 2010 | M13: Diciembre 2 de 2012 | N13: CUMPLE | O13: • Se evidencia INBOUND • Se evidencia OUTBOUND • No Se evidencia WHATSAPP • Se evidencia CHAT • Se evidencia SMS • No Se evidencia MAILING
B14: 4 | C14: MILLENIUM BPO S.A. | D14: 1 | E14: FONDO NACIONAL DEL AHORRO | G14: 83111500 81161700 | H14: 17 | I14: CONTRATAR UNA PERSONA JURÍDICA QUE PRESTE LOS SERVICIOS BAJO LA MODALIDAD DE "OUTSOURCING" DE UN CONTACT CENTER PARA LA ATENCION DE LOS AFILIADOS Y CLIENTES POTENCIALES DEL FONDO. | J14: 5560000000 | K14: =+J14/J29 -> 10796.117 | L14: Septiembre 17 de 2008 | M14: Marzo 31 de 2010 | N14: CUMPLE | O14: • Se evidencia INBOUND • Se evidencia OUTBOUND • No se evidencia WHATSAPP • Se evidencia CHAT • Se evidencia SMS • Se evidencia MAILING
B15: 5
I17: POE | J17: 17789701800
I18: SMMLV 2020 | J18: 877803
I19: POE EN SMMLV | J19: =J17/J18 -> 20266.167
I20: SMMLV 2019 | J20: 828116
I21: SMMLV 2018 | J21: 781242
I22: SMMLV 2017 | J22: 737717
I23: SMMLV 2016 | J23: 689455
I24: SMMLV 2015 | J24: 644350
I25: SMMLV 2014 | J25: 616000
I26: SMMLV 2013 | J26: 589500
I27: SMMLV 2012 | J27: 566700
I28: SMMLV 2011 | J28: 535600
I29: SMMLV 2010 | J29: 515000
I30: SMMLV 2009 | J30: 496900
I31: SMMLV 2008 | J31: 461500
... I34: SMMLV 2005 | J34: 381500
I35: EXPERIENCIA EN SMMLV DEL OFERENTE | J35: =+K11+K12+K13+K15+K14 -> 30321.333 | K35: =+IF(J35>J19,"CUMPLE","NO CUMPLE") -> CUMPLE
I36: RESULTADO EVALUACIÓN | J36: CUMPLE
